 Dungeon Crawl Stone Soup version 0.31-a0-1074-g0b22e4e0f1 (webtiles) character file.

Game seed: 1266076103230142751

2319 Dirtsage the Carver (level 9, 0/63 HPs)
             Began as a Demonspawn Monk on Nov 26, 2023.
             Was a Priest of Wu Jian.
             Slain by a kobold brigand
             ... wielding a +0 war axe
              (7 damage)
             ... in a bailey.
             The game lasted 00:15:01 (6238 turns).

Dirtsage the Carver (Demonspawn Monk)               Turns: 6238, Time: 00:15:02

Health: 0/63       AC:  9    Str: 11    XL:     9   Next: 18%
Magic:  18/18      EV: 11    Int: 11    God:    Wu Jian [***...]
Gold:   377        SH:  0    Dex: 21    Spells: 8/8 levels left

rFire   . . .        a - +0 falchion
rCold   . . .        (no shield)
rNeg    . . .        k - +0 ring mail
rPois   .            m - +0 helmet
rElec   .            (no cloak)
rCorr   .            (no gloves)
SInv    .            j - +0 pair of boots
Will    .....        (no amulet)
Stlth   +            t - ring of magical power
HPRegen 0.30/turn    (no ring)
MPRegen 0.16/turn

%: no passive effects
@: lethally poisoned (0 -> -5), exhausted, slowed, very slow
A: yellow scales 1, powered by death 1, demonic touch 2
a: Renounce Religion, Wall Jump, Serpent's Lash


You were in a bailey.
You worshipped Wu Jian.
Wu Jian was most pleased with you.
You visited 1 branch of the dungeon, and saw 7 of its levels.
You also visited: Bailey.

You collected 377 gold pieces.

Inventory:

Hand Weapons
 a - a +0 falchion (weapon)
 h - a +2 short sword of venom
Missiles
 r - a throwing net
Armour
 j - a +0 pair of boots (worn)
 k - a +0 ring mail (worn)
 m - a +0 helmet (worn)
 s - an orb of light
 E - a +0 chain mail of cold resistance
Jewellery
 t - a ring of magical power (left hand)
Wands
 B - a wand of flame (21)
Scrolls
 b - 2 scrolls of revelation {unknown}
 e - a scroll of blinking {unknown}
 f - 2 scrolls of enchant armour {unknown}
 i - 2 scrolls of teleportation {unknown}
 n - a scroll of silence {unknown}
 p - 4 scrolls of identify {unknown}
 v - 2 scrolls of amnesia {unknown}
 y - a scroll of immolation {unknown}
 C - a scroll of noise {unknown}
Potions
 c - a potion of ambrosia
 d - 2 potions of might
 g - 2 potions of lignification {unknown}
 o - a potion of mutation {unknown}
 u - a potion of attraction {unknown}
 w - a potion of enlightenment {unknown}
 x - a potion of haste {unknown}
 z - a potion of magic {unknown}
 A - a potion of resistance {unknown}


   Skills:
 - Level 3.0 Fighting
 + Level 11.6 Long Blades
 - Level 2.6 Dodging


You had 8 spell levels left.
You didn't know any spells.
Your spell library contained the following spells:

 Spells                   Type           Power      Damage    Failure   Level
 Volatile Blastmotes      Fire/Tloc      0%         2d10      95%         3
 Fulminant Prism          Conj/Hex       0%         3d5       100%        4
 Iskenderun's Mystic Bla  Conj/Tloc      0%         2d3       100%        4


Dungeon Overview and Level Annotations

Branches:
Dungeon (7/15)             Temple (0/1) D:5          Bailey (1/1)

Altars:
Fedhas
Makhleb
Wu Jian

Shops:
D:1 !   D:2 [   D:4 (   D:6 =


Innate Abilities, Weirdness & Mutations

You are partially covered in yellow scales. (AC +2)
You regenerate a little health from kills.
Your touch may inflict irresistible damage on your foes.


Message History

You feel better.
The kobold brigand hits you with a +0 war axe!
* * * LOW HITPOINT WARNING * * *
The kobold brigand hits you with a +0 war axe.
* * * LOW HITPOINT WARNING * * *
The kobold brigand barely misses you.
You take 6 damage, and have 3/63 hp.
You feel much better.
The kobold brigand hits you but does no damage.
The kobold brigand hits you with a +0 war axe.
* * * LOW HITPOINT WARNING * * *
An orc warrior comes into view. It is wielding a +0 battleaxe.
You regained 10 hp, and now have 13/63 hp.
You spin and attack the kobold brigand repeatedly.
You barely miss the kobold brigand.
The kobold brigand is severely wounded.
You hit the kobold brigand but do no damage.
Your touch misses the kobold brigand.
The kobold brigand is severely wounded.
The kobold brigand throws a curare-tipped dart.
The curare-tipped dart closely misses you.
The kobold brigand barely misses you.
The kobold brigand throws a curare-tipped dart.
The curare-tipped dart hits you.
You are poisoned.
You have difficulty breathing.
* * * LOW HITPOINT WARNING * * *
You feel as though you will be slow longer.
You take 2 damage, and have 11/63 hp.
You lunge at the kobold brigand.
The orc warrior shouts!
You hit the kobold brigand.
The kobold brigand is almost dead.
You spin and attack the kobold brigand.
You hit the kobold brigand.
You kill the kobold brigand!
The Council accepts your kill.
* * * LOW HITPOINT WARNING * * *
You feel very sick.
The kobold brigand hits you with a +0 war axe!
You die...

#...8...# #∩.)../∩#
##.....##
####'''####
##~.......~#
#####o~.......~~#
#..)K~~.......~~.
#o###~~.(.....~~#
#.@K.~~o......~~.
#.###~~.......~~##
#....~~.......~~..
#.###~~.......~~###
#....~~.......~~..
#.###~~.......~~###
#....~~.......~~...
#####~~...(...~~#
##~..(.(..~#


You could see 2 orc warriors and a kobold brigand.

Vanquished Creatures
  Grinder (D:5)
  2 orc warriors (Bailey)
  A sky beast (D:6)
  2 ice beasts (D:6)
  3 phantoms
  2 centaurs
  4 kobold brigands (Bailey)
  A bullfrog (D:6)
  5 scorpions
  5 killer bees (D:7)
  A howler monkey (D:6)
  3 hounds
  A sleepcap (D:5)
  3 iguanas
  2 orc wizards
  7 adders
  4 white imps
  3 ufetubi (D:6)
  4 worms
  A dart slug (D:2)
  9 orcs
  6 bats
  2 bat zombies (D:3)
  8 endoplasms
  5 giant cockroaches
  6 goblins
  8 hobgoblins
  11 jackals
  5 quokkas
  7 ball pythons
  2 frilled lizards
  21 kobolds
  6 rats
151 creatures vanquished.

Notes
Turn   | Place    | Note
-------+----------+-------------------------------------------
     0 | D:1      | Dirtsage the Demonspawn Monk began the quest for the Orb.
     0 | D:1      | Reached XP level 1. HP: 18/18 MP: 1/1
     6 | D:1      | Noticed a komodo dragon
     6 | D:1      | Noticed a scorpion
     6 | D:1      | Noticed an anaconda
     7 | D:1      | Noticed a rime drake
   104 | D:1      | Found Idogyran's Distillery.
   201 | D:1      | Reached skill level 3 in Long Blades
   272 | D:1      | Gained mutation: Your touch may inflict minor irresistible
                  | damage on your foes. [demonic ancestry]
   272 | D:1      | Reached XP level 2. HP: 17/24 MP: 2/2
   332 | D:1      | Found a faded altar of an unknown god.
   678 | D:1      | HP: 1/24 [quokka (4)]
  1000 | D:2      | Reached XP level 3. HP: 28/29 MP: 3/3
  1074 | D:2      | Reached skill level 4 in Long Blades
  1568 | D:2      | Gained mutation: You regenerate a little health from kills.
                  | [demonic ancestry]
  1568 | D:2      | Reached XP level 4. HP: 29/35 MP: 4/4
  1569 | D:2      | Found Ynogauf's Armour Shoppe.
  1908 | D:3      | Noticed a centaur
  1925 | D:3      | Killed a centaur
  1926 | D:3      | Reached skill level 5 in Long Blades
  1926 | D:3      | Reached XP level 5. HP: 13/41 MP: 5/5
  2071 | D:3      | Identified the +0 scale mail of Vermicelli {+Blink}
  2181 | D:3      | Reached skill level 6 in Long Blades
  2891 | D:4      | Reached XP level 6. HP: 40/47 MP: 6/6
  3095 | D:4      | Found Gismes's Weapon Emporium.
  3122 | D:4      | Reached skill level 7 in Long Blades
  3334 | D:4      | Found a blossoming altar of Fedhas.
  3872 | D:5      | Entered Level 5 of the Dungeon
  3933 | D:5      | Noticed Grinder
  3944 | D:5      | Killed Grinder
  3945 | D:5      | Gained mutation: You are partially covered in yellow
                  | scales. (AC +2) [demonic ancestry]
  3945 | D:5      | Reached XP level 7. HP: 25/52 MP: 7/7
  4054 | D:5      | Reached skill level 8 in Long Blades
  4097 | D:5      | Found a staircase to the Ecumenical Temple.
  4293 | D:5      | Found an ornate altar of the Wu Jian Council.
  4304 | D:5      | Became a worshipper of the Wu Jian Council
  4304 | D:5      | Reached * piety under Wu Jian
  4304 | D:5      | Reached ** piety under Wu Jian
  4537 | D:5      | Reached skill level 9 in Long Blades
  4537 | D:5      | Reached XP level 8. HP: 49/58 MP: 8/8
  5054 | D:6      | Found Pudut's Jewellery Emporium.
  5212 | D:6      | Found a burning altar of Makhleb.
  5476 | D:6      | Reached skill level 10 in Long Blades
  5787 | D:7      | Reached skill level 11 in Long Blades
  6027 | D:7      | Found a flagged portal.
  6040 | Bailey   | Entered a bailey
  6078 | Bailey   | Gained mutation: Your touch may inflict irresistible damage
                  | on your foes. [demonic ancestry]
  6078 | Bailey   | Reached XP level 9. HP: 39/63 MP: 9/9
  6080 | Bailey   | HP: 3/63 [kobold brigand/+0 war axe (11)]
  6082 | Bailey   | Reached *** piety under Wu Jian
  6235 | Bailey   | HP: 3/63 [kobold brigand/+0 war axe (3)]
  6238 | Bailey   | Slain by a kobold brigand

Illustrated notes

Levels and vault maps discovered:
D:1:      onia_arrival_zoo_common, layout_basic,
          hellmonk_ecumenical_altar_zigzags, serial_shops,
          nicolae_shop_industrial_runoff
D:2:      layout_loops_ring, serial_shops, shop
D:3:      layout_basic, kennysheep_vampire_church
D:4:      minmay_wonky_spiral, layout_basic, fedhas_altar_decomposition,
          serial_shops, kennysheep_mini, saegor_snake_ambush
D:5:      layout_cave_pods, lemuel_crystal_altar,
          minmay_temple_entry_butterflies, uniq_grinder
D:6:      layout_basic, bloody_makhleb, serial_shops, shop_statue,
          minmay_increasing_density
D:7:      layout_rooms, kennysheep_ying_yang, enter_bailey_2, uniq_pikel,
          uniq_jeremiah
Bailey:   bailey_axe_3, bailey

Skill      XL: |  1  2  3  4  5  6  7  8 |
---------------+-------------------------+-----
Long Blades    | 3 4 5 6 7 9 11 | 11.6
Fighting       | |  3.0
Dodging        | |  2.6

Action                     |  1- 3 |  4- 6 |  7- 9 || total
---------------------------+-------+-------+-------++-------
  Melee: Falchion          |   108 |   161 |   224 ||   493
         Touch             |    15 |    29 |    36 ||    80
         Punch             |     2 |       |       ||     2
  Throw: Dart              |       |       |     2 ||     2
 Invoke: Serpent's Lash    |       |       |     1 ||     1
Ability: Whirlwind         |       |       |    43 ||    43
         Lunge             |       |       |    10 ||    10
  Evoke: Wand              |       |       |     1 ||     1
    Use: Potion            |       |       |     6 ||     6
 Armour: Robe              |    12 |       |       ||    12
         Leather armour    |    21 |       |       ||    21
         Ring mail         |    35 |    96 |   151 ||   282
  Dodge: Dodged            |    67 |    88 |   131 ||   286

Table legend: (Time is in decaauts)
 A = Elapsed time spent in this place.
 B = Non-inter-level travel time spent in this place.
 C = Inter-level travel time spent in this place.
 D = Time resting spent in this place.
 E = Time spent auto-exploring this place.
 F = Levels seen in this place.
 G = Mean time per level.
                   A        B        C        D        E       F      G
               +--------+--------+--------+--------+--------+-----+--------+
         Total |   6251 |   5941 |    310 |      0 |   4844 |   8 |  781.4 |
       Dungeon |   6050 |   5740 |    310 |      0 |   4744 |   7 |  864.3 |
        Bailey |    201 |    201 |      0 |      0 |    100 |   1 |  201.0 |
               +--------+--------+--------+--------+--------+-----+--------+

Top non-repeatable levels by time:
     D:3: 1110 daAuts
     D:4: 1069 daAuts
     D:5: 1064 daAuts
     D:1: 1002 daAuts
     D:6: 804 daAuts
     D:2: 728 daAuts
     D:7: 270 daAuts
  Bailey: 201 daAuts
